 Dungeon Crawl Stone Soup version 0.30-a0-578-gdee14c521f (webtiles) character file.

Game seed: 15127973175142549900

14658 wormed the Covert (level 12, -17/71 (79) HPs)
             Began as a Kobold Delver on Jan 1, 2023.
             Was a Believer of Uskayaw.
             Demolished by Rupert
             ... wielding a +2 great mace of draining
              (21 damage)
             ... on level 12 of the Dungeon.
             The game lasted 00:20:09 (12847 turns).

wormed the Covert (Kobold Delver)                  Turns: 12847, Time: 00:20:10

HP:   -17/71 (79)   AC: 14    Str: 10    XL:     12   Next: 47%
MP:   16/19         EV: 22    Int: 12    God:    Uskayaw [**....]
Gold: 1467          SH:  0    Dex: 20    Spells: 11/11 levels left

rFire   + + .      SeeInvis .    y - +8 dagger of Nementeg {holy, *Rage +Blink rF+}
rCold   + . .      Faith    .    (no shield)
rNeg    . . .      Spirit   .    d - +2 leather armour {rF+}
rPois   +          Reflect  .    t - +0 helmet
rElec   .          Harm     .    E - +0 cloak {rPois}
rCorr   .          Rampage  .    v - +0 pair of gloves
Will    .....      Rage     20%  a - +1 pair of boots
Stlth   +++++++                  r - amulet of the acrobat
HPRegen 0.31/turn                o - ring of protection from cold
MPRegen 0.16/turn                A - +4 ring of protection

@: on berserk cooldown, slowed, heavily drained, very slow
A: small, no large weapons, nightstalker 3
a: Renounce Religion, Evoke Blink, Stomp, Line Pass


You were on level 12 of the Dungeon.
You worshipped Uskayaw.
Uskayaw was aware of your devotion.
You visited 1 branch of the dungeon, and saw 12 of its levels.
You also visited: Bailey.

You collected 1467 gold pieces.

Inventory:

Hand Weapons
 i - a +0 rapier
 y - the +8 dagger of Nementeg (weapon) {holy, *Rage +Blink rF+}
   (You found it on level 5 of the Dungeon)

   It has been blessed by the Shining One to cause great damage to the undead
   and demons.
   rF:        It protects you from fire.
   +Blink:    It lets you blink.
   *Rage:     It berserks you when you make melee attacks (+20% chance).
Missiles
 w - 31 poisoned darts (quivered)
 B - a throwing net
 J - 20 curare-tipped darts
 L - 6 atropa-tipped darts
 M - 4 datura-tipped darts
Armour
 a - a +1 pair of boots (worn)
 d - a +2 leather armour of fire resistance (worn)
 j - a +1 leather armour of cold resistance
 t - a +0 helmet (worn)
 v - a +0 pair of gloves (worn)
 x - a +0 buckler
 E - a +0 cloak of poison resistance (worn)
Jewellery
 o - a ring of protection from cold (left hand)
 r - an amulet of the acrobat (around neck)
 A - a +4 ring of protection (right hand)
 I - an amulet of guardian spirit
 O - a ring of ice
Wands
 g - a wand of digging (3)
 l - a wand of flame (24)
 D - a wand of quicksilver (4)
Scrolls
 c - 3 scrolls of fog
 p - 5 scrolls of teleportation
 s - 3 scrolls of vulnerability
 H - 2 scrolls of amnesia
 K - 4 scrolls of identify
 P - a scroll of blinking
Potions
 b - a potion of ambrosia
 f - a potion of mutation
 h - 5 potions of brilliance
 k - 6 potions of heal wounds
 m - a potion of attraction
 n - a potion of flight
 q - 2 potions of might {unknown}
 u - 9 potions of curing
 z - 3 potions of berserk rage {unknown}
 C - a potion of haste
 F - a potion of lignification
 G - a potion of degeneration {unknown}


   Skills:
 + Level 10.6 Fighting
 - Level 10.0 Short Blades
 + Level 11.3 Dodging
 + Level 14.4 Stealth
 + Level 9.3 Invocations


You had 11 spell levels left.
You didn't know any spells.
Your spell library contained the following spells:

 Spells                   Type           Power      Damage    Failure   Level
 Freeze                   Ice            0%         1d3       41%         1
 Sandblast                Erth           0%         2d4       41%         1
 Shock                    Conj/Air       0%         1d3       41%         1
 Cigotuvi's Dreadful Rot  Necr/Pois/Air  0%         N/A       56%         2
 Passwall                 Tmut/Erth      0%         N/A       56%         2
 Frozen Ramparts          Ice            0%         1d1       80%         3
 Gell's Gravitas          Tloc           0%         N/A       80%         3
 Hailstorm                Conj/Ice       0%         3d3       80%         3
 Lesser Beckoning         Tloc           0%         N/A       80%         3
 Stone Arrow              Conj/Erth      0%         3d7       80%         3
 Swiftness                Air            0%         N/A       80%         3
 Teleport Other           Tloc           0%         N/A       80%         3
 Airstrike                Air            0%         2d(0-16)  99%         4
 Dispel Undead            Necr           0%         3d6       99%         4
 Freezing Cloud           Conj/Ice/Air   0%         6-21      100%        5
 Silence                  Hex/Air        0%         N/A       100%        5
 Death Channel            Necr           0%         N/A       100%        6


Dungeon Overview and Level Annotations

Branches:
Dungeon (12/15)            Temple (0/1) D:7            Lair (0/5) D:11
 Bailey (visited)
    Orc: D:9-12

Altars:
Elyvilon
Gozag
Kikubaaqudgha
Nemelex Xobeh
Qazlal
Ru
Sif Muna
Uskayaw
Xom
Yredelemnul

Shops:
D:11 (

Annotations:
D:5 2 transporters, jfcaron's ghost, novice GnBr
D:12 Rupert


Innate Abilities, Weirdness & Mutations

You are small and have problems with some larger weapons.
You are completely attuned to the shadows.


Message History

The orc warrior hits you with a +0 halberd.
You can now pass through a line of other dancers.
You hit the orc warrior but do no damage.
The orc warrior is severely wounded.
The orc warrior completely misses you.
Rupert the Wild comes into view.
He is wielding a +2 great mace of draining and wearing a +1 scale mail of cold resistance.
Rupert shouts!
You puncture the orc warrior!
You kill the orc warrior!
You barely miss Rupert. Rupert completely misses you.
You hit Rupert.
Rupert is lightly wounded.
Rupert barely misses you.
You hit Rupert.
Rupert is lightly wounded.
Rupert hits you with a +2 great mace of draining!!
You feel drained.
Aiming: Line Pass
Press: ? - help, Dir - move target Rupert appears confused.
Rupert hits you but does no damage.
You feel drained.
You hit Rupert.
Rupert is lightly wounded.
Rupert seems less confused.
Rupert yells loudly at you.
You struggle to resist.
There is an open door, spattered with blood here.
You hit Rupert.
Rupert is lightly wounded.
Rupert hits you with a +2 great mace of draining!!
* * * LOW HITPOINT WARNING * * *
You feel drained.
* * * LOW HITPOINT WARNING * * *
You hear a shout!
As you read the scroll of fear, it crumbles to dust.
You assume a fearsome visage.
Rupert resists with almost no effort.
You hear two shouts!
Rupert barely misses you.
A wraith comes into view.
Rupert hits you with a +2 great mace of draining!!
You die...

.o......
....... .o
.....
.W###..#
..$#).#
#.#..#
#.@@.#
#.#..#
.....#)<#
.....#..###
.....#....#
####.#....#
#....#
#....#
#....#


You could see Rupert, a wraith and an orc (wandering).

Vanquished Creatures
  Fannar (D:10)
  Erica (D:11)
  4 two-headed ogres
  An orc knight (Bailey)
  Joseph (D:7)
  A troll (D:9)
  2 hornets
  A shadow (D:9)
  3 wraiths (D:11)
  17 yaks
  Grum (D:8)
  3 vampire mosquitoes (D:12)
  2 steam dragons (D:6)
  2 wargs (D:11)
  Edmund (D:6)
  3 water moccasins
  Duvessa (D:4)
  An ice beast (D:7)
  10 orc warriors
  A sky beast (D:8)
  A black bear (D:6)
  An ogre (D:5)
  4 wolves (D:8)
  3 centaurs
  2 phantoms (D:5)
  10 kobold brigands
  5 bullfrogs
  2 necrophages (D:6)
  A scorpion (D:7)
  10 wights
  Dowan (D:4)
  4 howler monkeys
  2 gnoll boudas (D:7)
  3 hounds
  A jelly (D:6)
  7 orc priests
  Crazy Yiuf (D:7)
  Ijyb (D:2)
  5 iguanas
  12 orc wizards
  9 adders
  11 gnolls
  4 shadow imps
  A white imp (D:6)
  2 ufetubi
  4 dart slugs
  19 orcs
  8 ball pythons
  3 endoplasms
  4 giant cockroaches
  6 hobgoblins
  12 jackals
  5 quokkas
  5 bats
  3 frilled lizards
  13 goblins
  24 kobolds
  3 rats
269 creatures vanquished.

Vanquished Creatures (others)
  4 withered plants (D:11)
4 creatures vanquished.

Grand Total: 273 creatures vanquished

Notes
Turn   | Place    | Note
-------+----------+-------------------------------------------
     0 | D:5      | wormed the Kobold Delver began the quest for the Orb.
     0 | D:5      | Reached XP level 1. HP: 14/14 MP: 1/1
    63 | D:4      | Noticed a scorpion
   180 | D:4      | Noticed an iguana
   184 | D:4      | Killed an iguana
   185 | D:4      | Reached XP level 2. HP: 19/19 MP: 2/2
   185 | D:4      | Reached XP level 3. HP: 23/23 MP: 3/3
   232 | D:4      | Reached skill level 7 in Stealth
   263 | D:4      | Found an opulent altar of Gozag.
   273 | D:4      | Found a white marble altar of Elyvilon.
   340 | D:4      | Noticed Duvessa
   343 | D:4      | Noticed Dowan
   344 | D:4      | Killed Duvessa
   345 | D:4      | Reached XP level 4. HP: 29/29 MP: 4/4
   345 | D:4      | Reached XP level 5. HP: 33/33 MP: 5/5
   721 | D:3      | Found a stormy altar of Qazlal.
   728 | D:3      | Found a shimmering altar of Xom.
   728 | D:3      | Found a basalt altar of Yredelemnul.
   728 | D:3      | Found a shimmering blue altar of Sif Muna.
   996 | D:3      | Reached XP level 6. HP: 39/39 MP: 6/6
  1754 | D:2      | Got the Commentary on the Atmosphere
  1758 | D:2      | Noticed Ijyb
  1791 | D:2      | Killed Ijyb
  2219 | D:1      | Reached skill level 5 in Short Blades
  3075 | D:4      | Reached skill level 8 in Stealth
  3151 | D:4      | Killed Dowan
  3152 | D:4      | Reached XP level 7. HP: 40/44 MP: 7/7
  3671 | D:5      | Noticed a +4 dagger
  3671 | D:5      | Noticed a +0 hand axe
  3672 | D:5      | Found a hide-covered altar of Uskayaw.
  3680 | D:5      | Became a worshipper of Uskayaw the Reveller
  3833 | D:5      | Reached * piety under Uskayaw
  3884 | D:5      | Found a transporter.
  3884 | D:5      | Found a transporter.
  3885 | D:5      | Noticed jfcaron's ghost (novice GnBr)
  3932 | D:5      | Reached skill level 5 in Fighting
  4068 | D:5      | Reached skill level 5 in Dodging
  4087 | D:5      | Reached ** piety under Uskayaw
  4093 | D:5      | Reached skill level 1 in Invocations
  4099 | D:5      | Reached XP level 8. HP: 49/49 MP: 8/8
  4286 | D:5      | Identified the +8 dagger of Nementeg {holy, *Rage +Blink
                  | rF+}
  4576 | D:6      | Found a sparkling altar of Nemelex Xobeh.
  4860 | D:6      | Reached skill level 9 in Stealth
  4860 | D:6      | Reached *** piety under Uskayaw
  4867 | D:6      | Reached **** piety under Uskayaw
  5192 | D:6      | Noticed Edmund
  5196 | D:6      | Killed Edmund
  5197 | D:6      | Reached XP level 9. HP: 55/55 MP: 11/11
  5659 | D:7      | Noticed Joseph
  5855 | D:7      | Killed Joseph
  5856 | D:7      | Reached skill level 10 in Stealth
  5955 | D:7      | Found a staircase to the Ecumenical Temple.
  6017 | D:7      | Reached ***** piety under Uskayaw
  6077 | D:7      | Reached skill level 10 in Short Blades
  6261 | D:7      | Found a runed translucent door.
  6264 | D:7      | Noticed Crazy Yiuf
  6817 | D:7      | Killed Crazy Yiuf
  6975 | D:8      | Reached XP level 10. HP: 61/61 MP: 13/13
  7123 | D:8      | Noticed Grum
  7132 | D:8      | Reached skill level 5 in Invocations
  7133 | D:8      | Killed Grum
  7385 | D:8      | Reached skill level 11 in Stealth
  8130 | D:8      | Identified the +1 ring mail of Autotheism {+Blink}
  8646 | D:9      | Found a sacrificial altar of Ru.
  8857 | D:9      | Found a flagged portal.
  8870 | Bailey   | Entered a bailey
  9240 | Bailey   | Noticed an orc knight
  9243 | Bailey   | Reached skill level 12 in Stealth
  9297 | Bailey   | Reached XP level 11. HP: 67/69 MP: 14/16
  9302 | Bailey   | Killed an orc knight
  9461 | Bailey   | Found a burning altar of Makhleb.
 10202 | D:10     | Entered Level 10 of the Dungeon
 10226 | D:10     | Noticed a two-headed ogre
 10228 | D:10     | Killed a two-headed ogre
 10518 | D:10     | Reached skill level 13 in Stealth
 10731 | D:10     | Noticed Fannar
 10748 | D:10     | Reached skill level 10 in Dodging
 10752 | D:10     | Killed Fannar
 11374 | D:10     | Noticed a two-headed ogre
 11378 | D:10     | Killed a two-headed ogre
 11784 | D:11     | Reached skill level 10 in Fighting
 11784 | D:11     | Reached XP level 12. HP: 76/77 MP: 18/18
 11785 | D:11     | Noticed a two-headed ogre
 11791 | D:11     | Noticed Erica
 11801 | D:11     | Killed a two-headed ogre
 12076 | D:11     | Reached skill level 14 in Stealth
 12077 | D:11     | Killed Erica
 12112 | D:11     | Found an ancient bone altar of Kikubaaqudgha.
 12248 | D:11     | Found a staircase to the Lair.
 12347 | D:11     | Found Yjoimaum's Antique Weapon Emporium.
 12469 | D:11     | Noticed a two-headed ogre
 12473 | D:11     | Killed a two-headed ogre
 12838 | D:12     | Noticed Rupert
 12847 | D:12     | Demolished by Rupert

Illustrated notes

Levels and vault maps discovered:
D:1:      sevenhm_arrival_forest_fort_small_4, layout_basic
D:2:      kennysheep_the_goblin_king, layout_loops_ring,
          amcnicky_mini_rare_corridor_liquid, st_stairs_14,
          kennysheep_cross_room, dk_noncrumbling_4, grunt_decor_one_mirror,
          glass_columns_b, minmay_cupped
D:3:      layout_basic, minitemple
D:4:      layout_rooms, mainiacjoe_overflow_big_doors, serial_curves,
          eino_curves_02, eino_curves_04, uniq_duvessa
D:5:      layout_basic, dancing_weapons_uskayaw, gammafunk_ghost_mausoleum
D:6:      layout_basic, mainiacjoe_overflow_alcove_4, uniq_edmund
D:7:      layout_loops_ring, minmay_temple_entry_tees, uniq_crazy_yiuf_cottage,
          uniq_joseph
D:8:      layout_loops_corners, serial_co_window_serial, co_window_corner_a,
          co_window_paths_a, co_window_paths_b, co_window_paths_a,
          co_window_cross_1, co_window_paths_a, co_window_of_opportunity_a,
          co_window_2corner, co_window_of_opportunity_b,
          co_window_unsneaky_path_e, co_window_4corner_a, co_window_4corner_b,
          uniq_grum
D:9:      layout_basic, mainiacjoe_overflow_alcove_1, enter_bailey_3
D:10:     hellmonk_crumbling_castle, layout_grid_maze, uniq_fannar
D:11:     layout_loops_ring, erik_lair_orcish_takeover, serial_shops,
          nicolae_take_the_stairs, kiku_gazebo_garden_becter, uniq_erica
D:12:     layout_stronghold, erik_orc_4, portal_ice_cave_rime, uniq_kirke,
          uniq_jorgrun, uniq_urug, uniq_rupert, uniq_azrael

Skill      XL: |  1  2  3  4  5  6  7  8  9 10 11 12 |
---------------+-------------------------------------+-----
Short Blades   | 3 4 5 6 8 10 | 10.0
Dodging        | 3 4 5 6 7 8 10 11 | 11.3
Stealth        | 7 8 9 10 12 13 14 | 14.4
Fighting       | 4 5 6 8 10 | 10.6
Invocations    | 1 3 4 6 8 9 |  9.3

Action                   |  1- 3 |  4- 6 |  7- 9 | 10-12 || total
-------------------------+-------+-------+-------+-------++-------
Melee: Short sword       |    33 |     1 |       |       ||    34
       Rapier            |       |   150 |    20 |       ||   170
       Punch             |       |     3 |     1 |     4 ||     8
       Dagger            |       |       |   177 |   445 ||   622
Invok: Line Pass         |       |       |     2 |     2 ||     4
       Grand Finale      |       |       |       |     1 ||     1
  Use: Potion            |     1 |     1 |       |       ||     2
       Scroll            |     1 |       |    12 |     8 ||    21
 Stab: Sleeping          |     4 |    36 |    18 |    16 ||    74
       Distracted        |       |       |     2 |     4 ||     6
       Paralysed         |       |       |     7 |    32 ||    39
Armor: Leather armour    |     5 |    30 |    22 |    63 ||   120
Dodge: Dodged            |    22 |    85 |   133 |   304 ||   544

Table legend: (Time is in decaauts)
 A = Elapsed time spent in this place.
 B = Non-inter-level travel time spent in this place.
 C = Inter-level travel time spent in this place.
 D = Time resting spent in this place.
 E = Time spent auto-exploring this place.
 F = Levels seen in this place.
 G = Mean time per level.
                   A        B        C        D        E       F      G
               +--------+--------+--------+--------+--------+-----+--------+
         Total |  12985 |  12429 |    556 |    619 |   9810 |  13 |  998.8 |
       Dungeon |  12336 |  11780 |    556 |    446 |   9615 |  12 | 1028.0 |
        Bailey |    649 |    649 |      0 |    173 |    195 |   1 |  649.0 |
               +--------+--------+--------+--------+--------+-----+--------+

Top non-repeatable levels by time:
    D:10: 1726 daAuts
     D:8: 1606 daAuts
     D:6: 1285 daAuts
     D:7: 1260 daAuts
     D:9: 1041 daAuts
     D:3: 1038 daAuts
     D:5: 929 daAuts
    D:11: 927 daAuts
     D:2: 888 daAuts
     D:4: 822 daAuts
     D:1: 755 daAuts
  Bailey: 649 daAuts
    D:12: 55 daAuts
